 Dungeon Crawl Stone Soup version 0.30-a0-800-g7c544603b3 (webtiles) character file.

Game seed: 6983900970847648232

53 Pimp the Conjurer (level 3, -1/1 (22) HPs)
             Began as a Tengu Reaver on Feb 21, 2023.
             Slain by a worm (2 damage)
             ... on level 2 of the Dungeon.
             The game lasted 00:03:43 (1120 turns).

Pimp the Conjurer (Tengu Reaver)                    Turns: 1120, Time: 00:03:43

HP:   -1/1 (22)     AC:  5    Str: 14    XL:     3   Next: 87%
MP:   0/7           EV: 12    Int: 13    God:
Gold: 75            SH:  0    Dex: 12    Spells: 4/6 levels left

rFire   + . .      SeeInvis .    a - +0 spear
rCold   . . .      Faith    .    (no shield)
rNeg    . . .      Spirit   +    n - +2 leather armour {rF+}
rPois   .          Reflect  .    (helmet restricted)
rElec   .          Harm     .    (no cloak)
rCorr   .          Rampage  .    (no gloves)
Will    .....                    (boots unavailable)
Stlth   +                        m - amulet of guardian spirit
HPRegen 0.20/turn                (no ring)
MPRegen 0.10/turn                (no ring)

@: extremely drained
A: beak, talons 3
a: no special abilities


You were on level 2 of the Dungeon.
You visited 1 branch of the dungeon, and saw 2 of its levels.

You collected 75 gold pieces.

Inventory:

Hand Weapons
 a - a +0 spear (weapon)
Armour
 b - a +0 leather armour
 h - a +0 chain mail
 n - a +2 leather armour of fire resistance (worn)
Jewellery
 m - an amulet of guardian spirit (around neck)
Scrolls
 c - a scroll of teleportation {unknown}
 d - a scroll of vulnerability {unknown}
 f - a scroll of brand weapon {unknown}
 g - a scroll of poison {unknown}
 i - a scroll of blinking {unknown}
 j - a scroll of fear {unknown}
 k - a scroll of enchant weapon {unknown}
 l - a scroll of silence {unknown}
Potions
 e - a potion of might {unknown}


   Skills:
 + Level 2.4 Fighting
 + Level 3.7 Polearms
 + Level 0.0 Armour
 + Level 2.7 Dodging
 + Level 2.4 Spellcasting
 + Level 4.5 Conjurations
 + Level 0.0 Poison Magic


You had 4 spell levels left.
You knew the following spells:

 Your Spells              Type           Power      Damage    Failure   Level
a - Kiss of Death         Conj/Necr      28%        2d7       12%         1
b - Sting                 Tmut/Pois      4%         1d3       30%         1

Your spell library contained the following spells:

 Spells                   Type           Power      Damage    Failure   Level
 Momentum Strike          Conj/Tloc      14%        3d8       19%         2
 Hailstorm                Conj/Ice       7%         3d4       36%         3
 Poisonous Vapours        Pois/Air       2%         N/A       43%         2
 Olgreb's Toxic Radiance  Pois           1%         N/A       97%         4


Dungeon Overview and Level Annotations

Branches:
Dungeon (2/15)

Altars:


Innate Abilities, Weirdness & Mutations

You have a beak for a mouth.
You have claws for feet.


Message History

You finish putting on your +2 leather armour of fire resistance.
You feel resistant to fire.
You open the door. As you open the door, it creaks loudly!
There is an open door here.
Found a ring mail.
Okay, then.
Memorise Sting, consuming 1 spell level and leaving 4?
You start memorising the spell.
You continue memorising.
You finish memorising.
Spell assigned to 'b'.
Found a stone staircase leading down.
You see here a +0 ring mail.
A bat comes into view.
The bat moves out of view.
A worm comes into view.
The bat barely misses you.
There is an open door here.
The bat hits you.
There is an open door here.
The bat completely misses you. The bat barely misses you.
There is an open door here.
The bat hits you but does no damage.
You closely miss the bat. The bat hits you but does no damage.
The bat barely misses you.
You closely miss the bat. The bat hits you but does no damage.
The worm barely misses you.
Casting: Kiss of Death (safe; 12% risk of failure)
Confirm with . or Enter, or press ? or * to list all spells.
Aiming: Kiss of Death (safe; 12% risk of failure)
Press: ? - help, Shift-Dir - straight line, f - worm
Aim: a worm (100% to hit)
The negative energy hits the worm!
The worm is drained!
The worm is almost dead.
You feel drained.
You barely miss the worm. You peck the worm, but do no damage.
The worm is almost dead.
The worm bites you!
Ouch! That really hurt!
You die...

#...............# # #.
#...........##### #.#.
#.#####...........#######.#.
#.................'.......'.
..>........#.......#########.
##########[#####.#.))......##
#.### #....######.## #...#
###### ##'## ###@# #....
######w## #.... #.....b.#
#.... .........# #....
.........# ##+## ........$#
.........# ...##..... ...
#.....


You could see a worm (drained) and a bat.

Vanquished Creatures
  An adder (D:2)
  A dart slug (D:1)
  2 ball pythons (D:1)
  3 endoplasms (D:1)
  A giant cockroach (D:1)
  5 goblins
  2 hobgoblins (D:1)
  5 jackals (D:1)
  6 kobolds
  3 quokkas
  4 bats
  A frilled lizard (D:1)
  2 rats (D:1)
36 creatures vanquished.

Notes
Turn   | Place    | Note
-------+----------+-------------------------------------------
     0 | D:1      | Pimp the Tengu Reaver began the quest for the Orb.
     0 | D:1      | Reached XP level 1. HP: 12/12 MP: 4/4
   104 | D:1      | Reached XP level 2. HP: 13/14 MP: 4/6
   526 | D:1      | Reached XP level 3. HP: 18/21 MP: 7/7
  1094 | D:2      | Learned a level 1 spell: Sting
  1120 | D:2      | Slain by a worm

Illustrated notes

Levels and vault maps discovered:
D:1:      lemuel_arrival_broad_hall, layout_loops_ring
D:2:      layout_basic

Action                     || total
---------------------------++-------
  Melee: Spear             ||    91
         Kick              ||    14
         Peck              ||    11
   Cast: Kiss of Death     ||     9
 Armour: Leather armour    ||    27
  Dodge: Dodged            ||    64

Table legend: (Time is in decaauts)
 A = Elapsed time spent in this place.
 B = Non-inter-level travel time spent in this place.
 C = Inter-level travel time spent in this place.
 D = Time resting spent in this place.
 E = Time spent auto-exploring this place.
 F = Levels seen in this place.
 G = Mean time per level.
                   A        B        C        D        E       F      G
               +--------+--------+--------+--------+--------+-----+--------+
         Total |   1112 |   1091 |     21 |    169 |    636 |   2 |  556.0 |
       Dungeon |   1112 |   1091 |     21 |    169 |    636 |   2 |  556.0 |
               +--------+--------+--------+--------+--------+-----+--------+

Top non-repeatable levels by time:
     D:1: 859 daAuts
     D:2: 253 daAuts
